 Dungeon Crawl Stone Soup version 0.20-a0-792-g09bcfd3 (webtiles) character file.

85 krabocopter the Skirmisher (level 4, -4/37 HPs)
             Began as a Formicid Fighter on Feb 28, 2017.
             Slain by a gnoll
             ... wielding a +0 halberd
              (12 damage)
             ... on level 2 of the Dungeon.
             The game lasted 00:03:57 (1348 turns).

krabocopter the Skirmisher (Formicid Fighter)       Turns: 1348, Time: 00:03:58

Health: -4/37      AC:  8    Str: 26    XL:     4   Next: 75%
Magic:  4/4        EV:  8    Int:  7    God:
Gold:   52         SH: 10    Dex: 11    Spells: 3/3 levels left

rFire    . . .     SeeInvis +   a - +0 long sword
rCold    . . .     Gourm    .   b - +0 scale mail
rNeg     . . .     Faith    .   c - +0 shield
rPois    .         Spirit   .   (helmet unavailable)
rElec    .         Reflect  .   (no cloak)
rCorr    .         Harm     .   (no gloves)
MR       .....                  m - +0 pair of boots
Stlth    ..........             (no amulet)
Regen    0.2/turn               (no ring)
MPRegen  0.1/turn               (no ring)

@: mighty
A: permanent stasis, dig shafts and tunnels, four strong arms, antennae 3
a: Dig, Shaft Self


You were on level 2 of the Dungeon.
You were not hungry.

You visited 1 branch of the dungeon, and saw 2 of its levels.

You collected 52 gold pieces.

Inventory:

Hand Weapons
 a - a +0 long sword (weapon)
 r - a +1 short sword of venom
Armour
 b - a +0 scale mail (worn)
 c - a +0 shield (worn)
 m - a +0 pair of boots (worn)
Scrolls
 e - 2 scrolls of remove curse {unknown}
 h - a scroll of noise {unknown}
 i - a scroll of identify {unknown}
 n - 3 scrolls of immolation {unknown}
 p - a scroll of enchant armour {unknown}
 q - a scroll of enchant weapon {unknown}
Potions
 k - a potion of agility {unknown}
 l - a potion of haste {unknown}
 o - a potion of lignification {unknown}
 s - a potion of berserk rage {unknown}
Comestibles
 f - a bread ration
 g - 9 chunks of flesh
 t - a meat ration


   Skills:
 + Level 4.2 Fighting
 * Level 3.8 Long Blades
 - Level 3.2 Armour
 - Level 3.6 Shields


You had 3 spell levels left.
You didn't know any spells.

Dungeon Overview and Level Annotations

Branches:
Dungeon (2/15)

Altars:


Innate Abilities, Weirdness & Mutations

You cannot be hasted, slowed, berserked, paralysed or teleported.
You can dig through walls and to a lower floor.
Your four strong arms can wield two-handed weapons with a shield.
You have a pair of large antennae on your head. (SInv)


Message History

You take 13 damage, and have 12/37 hp.
MASSIVE DAMAGE!!
You slash the gnoll!
You kill the gnoll!
The gnoll closely misses you. You block the gnoll's attack.
The gnoll closely misses you.
You riposte.
You barely miss the gnoll.
You see here a whip.
You slash the gnoll! You block the gnoll's attack.
The gnoll hits you with a halberd.
* * * LOW HITPOINT WARNING * * *
You take 1 damage, and have 11/37 hp.
You slash the gnoll!
You kill the gnoll!
The gnoll closely misses you. The gnoll hits you with a halberd.
* * * LOW HITPOINT WARNING * * *
You see here a halberd.
You take 3 damage, and have 8/37 hp.
You slash the gnoll! The gnoll hits you with a halberd!
You die...

#.# ##.#########
#####...........
#######....>..#######.
#.......##>....# ##..!####
#.#########...## ....... #.#
##.## ...[.. # ###.##### #)#
..... .# #.......# #@#
##g..#.# #.#.###.# ##g##
......# #.#.# #.# ##...##
#g..# #.#.# #.# ##.....##
#g## .... #)###.......##
#..##
.#...#.##.........####...##
.<.......'...).....'.......#
#.......##.........#.#....##
#.##.######.......#.##...##


You could see a gnoll.

Vanquished Creatures
  3 gnolls
  An adder (D:2)
  A worm (D:2)
  A dart slug (D:1)
  A leopard gecko (D:1)
  5 bats (D:1)
  2 giant cockroaches (D:1)
  6 goblins
  3 hobgoblins
  2 jackals (D:1)
  6 kobolds
  2 quokkas (D:2)
  2 frilled lizards
  2 rats (D:2)
37 creatures vanquished.

Notes
Turn   | Place    | Note
-------+----------+-------------------------------------------
     0 | D:1      | krabocopter the Formicid Fighter began the quest for the Orb.
     0 | D:1      | Reached XP level 1. HP: 18/18 MP: 1/1
   224 | D:1      | Reached XP level 2. HP: 24/24 MP: 2/2
   507 | D:1      | Reached XP level 3. HP: 29/29 MP: 3/3
  1159 | D:2      | Reached skill level 4 in Fighting
  1159 | D:2      | Reached XP level 4. HP: 35/37 MP: 4/4
  1348 | D:2      | Slain by a gnoll

Vault maps used:
D:1:      dpeg_arrival_court

Skill      XL: |  1  2  3 |
---------------+----------+-----
Long Blades    | 3 |  3.8
Fighting       | 4 |  4.2
Armour         | |  3.2
Shields        | |  3.6

Action                   |  1- 3 |  4- 6 || total
-------------------------+-------+-------++-------
Melee: Long sword        |   121 |    34 ||   155
  Use: Potion            |       |     2 ||     2
  Eat: Chunk             |     1 |     1 ||     2
Armor: Scale mail        |    51 |     7 ||    58
Dodge: Dodged            |    34 |    11 ||    45
Block: Shield            |    67 |    25 ||    92
       Rpst.: Long sword |    13 |     4 ||    17
